PBL
LONDON MAJORS @ COLUMBUS REDS
08/27/2049
 
TOP OF THE 1ST
London Majors batting - Pitching for Columbus Reds : RHP Amador Sadaba
Pitching: RHP Amador Sadaba
Batting: SHB Willie de Gracia 0-0: Ball
1-0: Called Strike
1-1: Ball
2-1: Ball
3-1: Called Strike
3-2: Foul Ball, location: 2F
3-2: Strikes out swinging
Batting: RHB Carlos Viera 0-0: Ball
1-0: Ball
2-0: Called Strike
2-1: Ball
3-1: Base on Balls
Batting: RHB Tom Bergman 0-0: Ball
1-0: Foul Ball, location: 2F
1-1: Called Strike
1-2: Ball
2-2: Ball
3-2: Foul Ball, location: 2F
3-2: Strikes out swinging
Batting: SHB Miguel Sano Jr. 0-0: Ball
Carlos Viera steals 2nd base
1-0: Foul Ball, location: 2F
1-1: Fly out, F8 (Flyball, 8LXD, EV 99.4 MPH)
Top of the 1st over - 0 runs, 0 hits, 0 errors, 1 left on base; London 0 - Columbus 0
BOTTOM OF THE 1ST
Columbus Reds batting - Pitching for London Majors : RHP John Trask
Pitching: RHP John Trask
Batting: LHB Alex Ramos 0-0: Ball
1-0: Swinging Strike
1-1: Fly out, F8 (Flyball, 8RXD, EV 101.9 MPH)
Batting: RHB Tony Camacho 0-0: Called Strike
0-1: Fly out, F9 (Flyball, 9, EV 83.8 MPH)
Batting: RHB Aaron Barraza 0-0: Ball
1-0: Called Strike
1-1: Foul Ball, location: 2F
1-2: Ball
2-2: Ball
3-2: Foul Ball, location: 2F
3-2: Strikes out swinging
Bottom of the 1st over - 0 runs, 0 hits, 0 errors, 0 left on base; London 0 - Columbus 0
TOP OF THE 2ND
London Majors batting - Pitching for Columbus Reds : RHP Amador Sadaba
Batting: LHB Trevor Durbin 0-0: Ground out 2-3 (Groundball, 2R, EV 63.1 MPH)
Batting: SHB John Webb 0-0: Called Strike
0-1: Called Strike
0-2: Strikes out looking
Batting: RHB Hanley Hernandez 0-0: DOUBLE (Line Drive, 89D, EV 104.4 MPH)
Batting: LHB Seth Garrigan 0-0: Ball
1-0: Ball
2-0: SINGLE (Groundball, 34D, EV 105.6 MPH)
Hanley Hernandez to third
Runner from 3rd tries for Home, SAFE, throw by RF to home
Seth Garrigan to second
Batting: LHB Danny Hamilton 0-0: Fly out, F9 (Flyball, 9LM, EV 95.6 MPH)
Top of the 2nd over - 1 run, 2 hits, 0 errors, 1 left on base; London 1 - Columbus 0
BOTTOM OF THE 2ND
Columbus Reds batting - Pitching for London Majors : RHP John Trask
Batting: RHB Ji-an See-to 0-0: Foul Ball, location: 2F
0-1: Ball
1-1: Ball
2-1: Fly out, F7 (Flyball, 7, EV 93.1 MPH)
Batting: SHB Bill Dissette 0-0: Ground out U3 (Groundball, 34S, EV 85.0 MPH)
Batting: RHB Matt Carman 0-0: Ball
1-0: Called Strike
1-1: Fly out, F8 (Flyball, 8RM, EV 81.2 MPH)
Bottom of the 2nd over - 0 runs, 0 hits, 0 errors, 0 left on base; London 1 - Columbus 0
TOP OF THE 3RD
London Majors batting - Pitching for Columbus Reds : RHP Amador Sadaba
Batting: SHB Willie de Gracia 0-0: Called Strike
0-1: Ground out U3 (Groundball, 34, EV 90.6 MPH)
Batting: RHB Carlos Viera 0-0: Ball
1-0: Fly out, F8 (Line Drive, 8RD, EV 103.8 MPH)
Batting: RHB Tom Bergman 0-0: Swinging Strike
0-1: Ball
1-1: Ball
2-1: Foul Ball, location: 2F
2-2: Ball
3-2: Strikes out swinging
Top of the 3rd over - 0 runs, 0 hits, 0 errors, 0 left on base; London 1 - Columbus 0
BOTTOM OF THE 3RD
Columbus Reds batting - Pitching for London Majors : RHP John Trask
Batting: SHB Colin Black 0-0: Ball
1-0: Called Strike
1-1: Foul Ball, location: 2F
1-2: Foul Ball, location: 2F
1-2: Ball
2-2: Strikes out swinging
Batting: RHB Nick Partain 0-0: Ball
1-0: Ball
2-0: Ball
3-0: Called Strike
3-1: Swinging Strike
3-2: Strikes out looking
Batting: RHB Cornholdo Schwerin 0-0: Ball
1-0: Ball
2-0: Called Strike
2-1: Ball
3-1: SOLO HOME RUN (Flyball, 7LD, EV 95.0 MPH), Distance : 357 ft
Batting: LHB Alex Ramos 0-0: Foul Ball, location: 2F
0-1: Ball
1-1: Ground out 6-3 (Groundball, 6, EV 78.8 MPH)
Bottom of the 3rd over - 1 run, 1 hit, 0 errors, 0 left on base; London 1 - Columbus 1
TOP OF THE 4TH
London Majors batting - Pitching for Columbus Reds : RHP Amador Sadaba
Batting: SHB Miguel Sano Jr. 0-0: Called Strike
0-1: Ball
1-1: Ball
2-1: Ball
3-1: Fly out, F7 (Flyball, 7LM, EV 82.5 MPH)
Batting: LHB Trevor Durbin 0-0: Ball
1-0: Ball
2-0: Ball
3-0: Called Strike
3-1: Swinging Strike
3-2: Strikes out swinging
Batting: SHB John Webb 0-0: Ball
1-0: Ball
2-0: Swinging Strike
2-1: Ball
3-1: Base on Balls
Batting: RHB Hanley Hernandez 0-0: Foul Ball, location: 2F
0-1: Ball
1-1: Ball
2-1: Ball
Passed Ball!
John Webb to second
3-1: Foul Ball, location: 2F
3-2: Foul Ball, location: 2F
3-2: SINGLE (Groundball, 6, EV 103.1 MPH)
John Webb to third
Runner from 3rd tries for Home, SAFE, throw by CF to home
Batting: LHB Seth Garrigan 0-0: Ball
Hanley Hernandez steals 2nd base
1-0: Ball
2-0: Ball
3-0: Called Strike
3-1: Called Strike
3-2: Foul Ball, location: 2F
3-2: Fly out, F8 (Flyball, 8LD, EV 84.4 MPH)
Top of the 4th over - 1 run, 1 hit, 0 errors, 1 left on base; London 2 - Columbus 1
BOTTOM OF THE 4TH
Columbus Reds batting - Pitching for London Majors : RHP John Trask
Batting: RHB Tony Camacho 0-0: Called Strike
0-1: Ball
1-1: Called Strike
1-2: Strikes out swinging
Batting: RHB Aaron Barraza 0-0: Foul Ball, location: 2F
0-1: Ball
1-1: Called Strike
1-2: Foul Ball, location: 2F
1-2: Ball
2-2: Ball
3-2: Fly out, F9 (Flyball, 89S, EV 77.5 MPH)
Batting: RHB Ji-an See-to 0-0: Foul Ball, location: 2F
0-1: SINGLE (Groundball, 6MD, EV 99.4 MPH)
Batting: SHB Bill Dissette 0-0: Ball
Balk!
Ji-an See-to to second
1-0: Ground out 5-3 (Groundball, 56, EV 103.1 MPH)
Bottom of the 4th over - 0 runs, 1 hit, 0 errors, 1 left on base; London 2 - Columbus 1
TOP OF THE 5TH
London Majors batting - Pitching for Columbus Reds : RHP Amador Sadaba
Batting: LHB Danny Hamilton 0-0: Called Strike
0-1: Swinging Strike
0-2: Ball
1-2: Foul Ball, location: 2F
1-2: Strikes out swinging
Batting: SHB Willie de Gracia 0-0: Fly out, F7 (Flyball, 7, EV 88.8 MPH)
Batting: RHB Carlos Viera 0-0: Called Strike
0-1: Ground out 5-3 (Groundball, 56, EV 85.0 MPH)
Top of the 5th over - 0 runs, 0 hits, 0 errors, 0 left on base; London 2 - Columbus 1
BOTTOM OF THE 5TH
Columbus Reds batting - Pitching for London Majors : RHP John Trask
Batting: RHB Matt Carman 0-0: Called Strike
0-1: SINGLE (Groundball, 5S, EV 65.6 MPH) (infield hit)
Batting: SHB Colin Black 0-0: Ball
Wild Pitch!
Matt Carman to second
1-0: Called Strike
1-1: Ball
2-1: Called Strike
2-2: Foul Ball, location: 2F
2-2: Strikes out looking
Batting: RHB Nick Partain 0-0: Called Strike
Matt Carman is caught stealing 3rd base 2-5
0-1: Swinging Strike
0-2: Ball
1-2: Foul Ball, location: 2F
1-2: SINGLE (Line Drive, 7LS, EV 110.6 MPH)
Batting: RHB Cornholdo Schwerin 0-0: Ball
1-0: Called Strike
1-1: Ball
2-1: Ball
3-1: Called Strike
3-2: Strikes out swinging
Bottom of the 5th over - 0 runs, 2 hits, 0 errors, 1 left on base; London 2 - Columbus 1
TOP OF THE 6TH
London Majors batting - Pitching for Columbus Reds : RHP Amador Sadaba
Batting: RHB Tom Bergman 0-0: Foul Ball, location: 2F
0-1: Ball
1-1: Ball
2-1: SINGLE (Line Drive, 7S, EV 100.6 MPH)
Batting: SHB Miguel Sano Jr. 0-0: Ball
1-0: Foul Ball, location: 2F
1-1: Swinging Strike
Passed Ball!
Tom Bergman to second
1-2: Strikes out swinging
Batting: LHB Trevor Durbin 0-0: Intentional Walk
Batting: SHB John Webb 0-0: Called Strike
0-1: 3-RUN HOME RUN (Flyball, 9D, EV 99.4 MPH), Distance : 386 ft
Batting: RHB Hanley Hernandez 0-0: Ball
1-0: Ground out 4-3 (Groundball, 4D, EV 98.1 MPH)
Batting: LHB Seth Garrigan 0-0: Ball
1-0: Ground out 3-1 (Groundball, 34, EV 86.2 MPH)
Top of the 6th over - 3 runs, 2 hits, 0 errors, 0 left on base; London 5 - Columbus 1
BOTTOM OF THE 6TH
Columbus Reds batting - Pitching for London Majors : RHP John Trask
Batting: LHB Alex Ramos 0-0: Ball
1-0: Swinging Strike
1-1: Foul Ball, location: 2F
1-2: Strikes out looking
Batting: RHB Tony Camacho 0-0: Ground out 6-3 (Groundball, 6S, EV 73.1 MPH)
Batting: RHB Aaron Barraza 0-0: Ball
1-0: Ball
2-0: Swinging Strike
2-1: Ball
3-1: Foul Ball, location: 2F
3-2: Fly out, F8 (Line Drive, 8LM, EV 108.8 MPH)
Bottom of the 6th over - 0 runs, 0 hits, 0 errors, 0 left on base; London 5 - Columbus 1
TOP OF THE 7TH
London Majors batting - Pitching for Columbus Reds : RHP Amador Sadaba
Batting: LHB Danny Hamilton 0-0: Called Strike
0-1: Foul Ball, location: 2F
0-2: Ball
1-2: Strikes out looking
Batting: SHB Willie de Gracia 0-0: Ball
1-0: Ball
2-0: Called Strike
2-1: Ball
3-1: Base on Balls
Batting: RHB Carlos Viera 0-0: Called Strike
0-1: Ball
1-1: Ball
2-1: Fly out, F7 (Flyball, 7, EV 87.5 MPH)
Pitching: RHP Tyler Patel
Batting: RHB Tom Bergman 0-0: SINGLE (Flyball, 56D, EV 92.5 MPH)
Willie de Gracia to second
Batting: SHB Miguel Sano Jr. 0-0: Ball
1-0: Called Strike
1-1: Fly out, F9 (Flyball, 9LSF, EV 83.1 MPH)
Top of the 7th over - 0 runs, 1 hit, 0 errors, 2 left on base; London 5 - Columbus 1
BOTTOM OF THE 7TH
Columbus Reds batting - Pitching for London Majors : RHP John Trask
Pitching: RHP Joe Linkous
Now at 1B: King Pinsent
Now in LF: Miguel Sano Jr.
Batting: RHB Ji-an See-to 0-0: Ball
1-0: Ball
2-0: Called Strike
2-1: Foul Ball, location: 2F
2-2: Foul Ball, location: 2F
2-2: Foul Ball, location: 2F
2-2: Strikes out looking
Batting: SHB Bill Dissette 0-0: Ball
1-0: Called Strike
1-1: Foul Ball, location: 2F
1-2: Strikes out looking
Batting: RHB Matt Carman 0-0: Foul Ball, location: 2F
0-1: Ball
1-1: Ball
2-1: Called Strike
2-2: Ball
3-2: Base on Balls
Batting: SHB Colin Black 0-0: Called Strike
0-1: Ball
1-1: Foul Ball, location: 2F
1-2: Strikes out swinging
Bottom of the 7th over - 0 runs, 0 hits, 0 errors, 1 left on base; London 5 - Columbus 1
TOP OF THE 8TH
London Majors batting - Pitching for Columbus Reds : RHP Tyler Patel
Batting: LHB Trevor Durbin 0-0: Called Strike
0-1: Foul Ball, location: 2F
0-2: Strikes out swinging
Batting: RHB King Pinsent 0-0: Called Strike
0-1: Ball
1-1: Ball
2-1: Ball
3-1: Base on Balls
Batting: RHB Hanley Hernandez 0-0: Called Strike
0-1: Ball
1-1: Called Strike
1-2: Strikes out swinging
Batting: LHB Seth Garrigan 0-0: Reached on error, E1 (Groundball, 25, EV 66.2 MPH)
King Pinsent to third
Batting: LHB Danny Hamilton 0-0: Intentional Walk
Batting: SHB Willie de Gracia 0-0: Ball
1-0: Ball
2-0: Ball
3-0: Base on Balls
King Pinsent scores
Seth Garrigan to third
Danny Hamilton to second
Batting: RHB Carlos Viera 0-0: Ball
1-0: Foul Ball, location: 2F
1-1: Called Strike
1-2: Ball
2-2: Strikes out swinging
Top of the 8th over - 1 run, 0 hits, 1 error, 3 left on base; London 6 - Columbus 1
BOTTOM OF THE 8TH
Columbus Reds batting - Pitching for London Majors : RHP Joe Linkous
Now in RF: Salvador Ramos
Pinch Hitting: SHB Eddie Crawford 0-0: Swinging Strike
0-1: Ball
1-1: Swinging Strike
1-2: SINGLE (Line Drive, 34, EV 94.4 MPH)
Pitching: RHP Aaron Meiggs
Pinch Hitting: LHB Jamel Wilhite 0-0: Ball
1-0: Foul Ball, location: 2F
1-1: Swinging Strike
1-2: Strikes out looking
Batting: LHB Alex Ramos 0-0: SINGLE (Groundball, 6M, EV 84.4 MPH) (infield hit)
Eddie Crawford to second
Batting: RHB Tony Camacho 0-0: Swinging Strike
0-1: Called Strike
0-2: Ball
1-2: Foul Ball, location: 2F
1-2: Ball
2-2: SINGLE (Line Drive, 7S, EV 98.1 MPH)
Eddie Crawford to third
Alex Ramos to second
Batting: RHB Aaron Barraza 0-0: Ball
1-0: Foul Ball, location: 2F
1-1: Ball
2-1: Foul Ball, location: 2F
2-2: Ball
3-2: Foul Ball, location: 2F
3-2: Strikes out swinging
Batting: RHB Ji-an See-to 0-0: Ball
Wild Pitch!
Eddie Crawford scores
Alex Ramos to third
Tony Camacho to second
1-0: Foul Ball, location: 2F
1-1: Called Strike
1-2: Strikes out swinging
Bottom of the 8th over - 1 run, 3 hits, 0 errors, 2 left on base; London 6 - Columbus 2
TOP OF THE 9TH
London Majors batting - Pitching for Columbus Reds : RHP Tyler Patel
Now in CF: Gabe Morales
Now in RF: Jamel Wilhite
Batting: RHB Tom Bergman 0-0: Ball
1-0: Fly out, F9 (Flyball, 89M, EV 76.9 MPH)
Batting: SHB Miguel Sano Jr. 0-0: Ball
1-0: SINGLE (Groundball, 6M, EV 82.5 MPH) (infield hit)
Batting: LHB Trevor Durbin 0-0: Ball
1-0: Grounds into double play, 4-6-3 (Groundball, 34, EV 86.2 MPH)
Top of the 9th over - 0 runs, 1 hit, 0 errors, 0 left on base; London 6 - Columbus 2
BOTTOM OF THE 9TH
Columbus Reds batting - Pitching for London Majors : RHP Aaron Meiggs
Batting: SHB Bill Dissette 0-0: Ball
1-0: Foul Ball, location: 2F
1-1: Foul Ball, location: 2F
1-2: Ball
2-2: Strikes out swinging
Batting: RHB Matt Carman 0-0: Ball
1-0: Called Strike
1-1: Ball
2-1: Swinging Strike
2-2: Strikes out swinging
Pitching: LHP Gideon Wood
Batting: SHB Colin Black 0-0: Called Strike
0-1: Ball
1-1: Foul Ball, location: 2F
1-2: Fly out, F9 (Line Drive, 9D, EV 108.1 MPH)
Bottom of the 9th over - 0 runs, 0 hits, 0 errors, 0 left on base; London 6 - Columbus 2
Sunday, July 16th , 2023 - OOTP Baseball 24.6 Build 69